AoeStats
← JorgeLuddSaysNo

Nomad

508255658Analyzed
3v3 RM · 11d ago on Sep 21, 2026· 59m 49s· 6 players
Game mode
Random Map
Map size
210×210
Population
200
Speed
Normal
Resources
Standard
Victory
Conquest
Starting age
Dark Age
Ending age
Imperial Age
RankedLock teamsTeams togetherTeam positionsShared explorationLock speedFull tech treeHidden civsTurbo modeCheats
Victory
Defeat
🇸🇪 Armenians · Sweden
910
+14
🇸🇪 Franks · Sweden
856
+17
🇸🇪 Huns · Sweden
845
+17
🇬🇧 Slavs · United Kingdom
885
-16
🇬🇧 Ethiopians · United Kingdom
876
-16
🇬🇧 Khitans · United Kingdom
858
-16
maelmoor
5:55 Loom
14:19 Feudal Age
14:21 Man-at-Arms
15:00 Fishing Lines
15:18 Long Swordsman
17:18 Arson
19:37 Forging
19:28 Scale Mail Armor
23:38 Castle Age
24:05 Fletching
24:32 Elite Skirmisher
25:11 Bodkin Arrow
25:17 Padded Archer Armor
28:53 Wheelbarrow
28:13 Town Watch
30:36 Leather Archer Armor
31:19 Hand Cart
32:45 Ballistics
32:46 Horse Collar
34:14 Heavy Plow
35:10 Pikeman
36:10 Chain Mail Armor
39:18 Imperial Age
37:36 Masonry
41:17 Chemistry
40:12 Murder Holes
40:22 Bracer
43:49 Ring Archer Armor
44:00 Gold Mining
44:01 Stone Mining
43:57 Double-Bit Axe
46:14 Bow Saw
46:40 Gold Shaft Mining
46:25 Halberdier
48:05 Plate Mail Armor
50:35 Iron Casting
50:24 Conscription
50:40 Hoardings
51:11 Gambesons
51:27 Squires
51:03 Elite Composite Bowman
55:10 Blast Furnace
58:38 Gillnets
monkeylogics
3:25 Loom
13:51 Feudal Age
14:45 Double-Bit Axe
14:43 Horse Collar
18:58 Bloodlines
25:12 Castle Age
24:39 Forging
24:54 Scale Barding Armor
26:42 Bow Saw
26:41 Husbandry
26:37 Fletching
29:36 Wheelbarrow
28:47 Town Watch
32:08 Hand Cart
37:42 Imperial Age
35:13 Town Patrol
35:51 Marauders
36:14 Chain Barding Armor
36:54 Gold Mining
36:55 Stone Mining
38:12 Heavy Plow
39:34 Conscription
43:17 Elite Tarkan
45:02 Plate Barding Armor
45:51 Iron Casting
45:12 Bodkin Arrow
45:26 Man-at-Arms
46:07 Squires
45:31 Elite Skirmisher
46:18 Thumb Ring
46:17 Scale Mail Armor
46:35 Murder Holes
47:23 Long Swordsman
50:26 Blast Furnace
49:07 Two-Handed Swordsman
51:29 Chain Mail Armor
52:20 Arson
Boris The Blade
15:28 Feudal Age
17:29 Man-at-Arms
30:13 Town Watch
31:59 Padded Archer Armor
31:50 Fletching
34:20 Castle Age
37:51 Fortified Wall
37:46 Elite Skirmisher
40:28 Gold Mining
41:24 Stone Mining
48:07 Double-Bit Axe
50:37 Bodkin Arrow
52:11 #83
54:23 Scale Mail Armor
54:33 Forging
54:40 Leather Archer Armor
56:29 Bow Saw
Attila the John
8:12 Loom
17:55 Feudal Age
21:19 Wheelbarrow
24:55 Castle Age
27:09 Scale Barding Armor
27:11 Detinets
31:07 Scale Barding Armor
37:18 Forging
48:04 Scale Mail Armor
51:15 Pikeman
51:57 Squires
52:44 Chain Mail Armor
53:04 Iron Casting
54:35 Chain Barding Armor
GenghisDoug
19:08 Feudal Age
44:29 Castle Age
JorgeLuddSaysNo
15:36 Feudal Age
16:18 Loom
19:46 Castle Age
17:43 Gold Mining
18:24 Stone Mining
20:00 Crossbowman
22:07 Wheelbarrow
21:49 Double-Bit Axe
23:25 Bow Saw
28:10 Town Watch
32:51 Fletching
33:29 Arson
34:16 Padded Archer Armor
35:18 Ballistics
35:33 Horse Collar
35:54 Bodkin Arrow
37:19 Masonry
37:04 Murder Holes
38:22 Leather Archer Armor
38:19 Forging
38:10 Scale Mail Armor
39:49 Hand Cart
42:10 Iron Casting
41:51 Chain Mail Armor
47:07 Imperial Age
47:19 Capped Ram
48:25 Siege Ram
48:32 Elite Shotel Warrior
52:03 Blast Furnace
51:04 Bracer
51:39 Architecture
51:35 Town Patrol
51:44 Thumb Ring
Connection lost

Rejoining the realm…

Still unreachable

The connection could not be restored.

Session expired

The server has moved on; the page needs a fresh start.